[Event "*** Titled Tuesday Blitz"]
[Site "Chess.com"]
[Date "2021.04.20"]
[Round "11"]
[White "not_najdorfs_player"]
[Black "Michaelson_11"]
[Result "0-1"]
[WhiteElo "2346"]
[BlackElo "2241"]
[TimeControl "180+1"]
[EndTime "12:06:11 PDT"]
[Termination "Michaelson_11 won on time"]

1. e4 c5 2. Nf3 Nc6 3. Bb5 g6 4. O-O Bg7 5. c3 Nf6 6. Re1 O-O 7. d4 cxd4 8. cxd4 d5 9. e5 Ne4 10. Nc3 Bf5 11. Bd3 Nxc3 12. bxc3 Bxd3 13. Qxd3 Na5 14. Nd2 Rc8 15. Ba3 Qd7 16. f4 Rfd8 17. Rab1 b6 18. Re2 Nc4 19. Nxc4 Rxc4 20. e6 fxe6 21. Rbe1 Rc6 22.
Qh3 Kf7 23. g4 Qc7 24. f5 Rxc3 25. Qxh7 gxf5 26. gxf5 e5 27. dxe5 Rg8 28. f6 Rxa3 29.
Kh1 d4 30. Rf1 Qc6+ 31. Rg2 Rf3 32. Qh5+ Ke6 33. Qxf3 Qxf3 34. Rxf3 Bxf6 35. Rxg8 Bxe5 36. Rg4 Kd5 37. Kg2 e6 0-1

[Event "*** Titled Tuesday Blitz"]
[Site "Chess.com"]
[Date "2021.04.20"]
[Round "11"]
[White "Kale36"]
[Black "MPGM"]
[Result "1-0"]
[WhiteElo "2337"]
[BlackElo "2490"]
[TimeControl "180+1"]
[EndTime "12:06:12 PDT"]
[Termination "Kale36 won on time"]

1. b3 Nf6 2. Bb2 g6 3. g4 Bg7 4. g5 Nh5 5. Bxg7 Nxg7 6. d4 O-O 7. Nc3 f6 8. h4 c5 9. d5 d6 10. Qd2 Nd7 11. Nf3 Ne5 12. Bg2 a6 13. gxf6 exf6 14. Ne4 Bf5 15. Ng3 Bg4 16. Nh2 Bd7 17. f4 Ng4 18. h5 c4 19. hxg6 hxg6 20. Bf3 Nxh2 21. Rxh2 Rc8 22. Kf2 Kf7 23. Rh7 Rh8 24. Rah1 Rxh7 25.
Rxh7 Qb6+ 26. e3 cxb3 27. axb3 Qc5 28. c4 b5 29. Be2 bxc4 30. bxc4 Rb8 31. Ne4 Qb6 32.
c5 dxc5 33. Bc4 Bb5 34. Qc3 Bxc4 35. Qxc4 Qb5 36. Nd6+ Kg8 37. Nxb5 axb5 38. Qxc5 Kxh7 39. d6 b4 40. Qc7 Rf8 41. d7 Ne6 42. Qd6 1-0

[Event "*** Titled Tuesday Blitz"]
[Site "Chess.com"]
[Date "2021.04.20"]
[Round "11"]
[White "Grineva_Marianna"]
[Black "Eloist"]
[Result "0-1"]
[WhiteElo "2228"]
[BlackElo "2364"]
[TimeControl "180+1"]
[EndTime "12:06:12 PDT"]
[Termination "Eloist won on time"]

1. e4 e6 2. d4 d5 3. Nd2 Nf6 4. e5 Nfd7 5. Bd3 c5 6. c3 b6 7.
Nh3 Ba6 8. Bxa6 Nxa6 9. O-O b5 10. Qg4 Qb6 11. Re1 c4 12. Nf1 b4 13. Bg5 h6 14. Bd2 b3 15. a3 Nc7 16. Ng3 Qc6 17. Nh5 Rh7 18. f4 g6 19. Ng3 O-O-O 20. Qf3 Nb6 21. Nf1 Be7 22. Ne3 Kb7 23. Nf2 h5 24.
Nh3 Na4 25. Rab1 Nxb2 26. Rxb2 Bxa3 27. Rbb1 Be7 28. Ng5 Bxg5 29. fxg5 a5 30. Bc1 Nb5 31. Bb2 a4 32. Ra1 Ra8 33. Qf6 Qd7 34. Ba3 Nxc3 35. Nxc4 dxc4 36. Rac1 Nd5 37. Qf3 Qc6 38. Re2 c3 39. h3 h4 40. Kh2 Qc4 41. Bc5 a3 42. Re3 b2 43. Rexc3 bxc1=Q 44. Rb3+ Kc6 0-1

[Event "*** Titled Tuesday Blitz"]
[Site "Chess.com"]
[Date "2021.04.20"]
[Round "11"]
[White "Chernov_Alexander_A"]
[Black "topin8"]
[Result "0-1"]
[WhiteElo "2278"]
[BlackElo "2215"]
[TimeControl "180+1"]
[EndTime "12:06:12 PDT"]
[Termination "topin8 won on time"]

1. Nf3 c5 2. g3 Nc6 3. Bg2 g6 4. O-O Bg7 5. c3 e5 6. d3 Nge7 7. a3 O-O 8. b4 d6 9. Bb2 h6 10.
Nbd2 Be6 11. e4 a5 12. b5 Nb8 13. a4 b6 14. d4 Ra7 15. Qe2 exd4 16. cxd4 d5 17. exd5 Bxd5 18. Ne4 Nf5 19. g4 Nxd4 20. Nxd4 cxd4 21. Rfd1 Bb3 22. Rd2 Rd7 23. Rc1 Re8 24.
Qd3 Be6 25. h3 f5 26. Ng3 fxg4 27. hxg4 Qg5 28. f3 Bf7 29. Ne4 Qf4 30. Rcd1 h5 31. g5 Rc8 32. Qe2 Re8 33. Qf2 h4 34. Bxd4 Bxd4 35.
Rxd4 Rxd4 36. Rxd4 Kg7 37. Qb2 Qe5 38. Qd2 Re7 0-1

[Event "*** Titled Tuesday Blitz"]
[Site "Chess.com"]
[Date "2021.04.20"]
[Round "11"]
[White "Pertinhez76"]
[Black "picturesquecheck"]
[Result "0-1"]
[WhiteElo "2083"]
[BlackElo "2312"]
[TimeControl "180+1"]
[EndTime "12:06:14 PDT"]
[Termination "picturesquecheck won by resignation"]

1. d4 Nf6 2. Bf4 d5 3. e3 e6 4. Nf3 Bd6 5. Bg3 O-O 6. Nbd2 c5 7. c3 Qc7 8. Ne5 Nbd7 9. f4 b6 10.
Bd3 Bb7 11. O-O Ne4 12. Qh5 g6 13. Qe2 Nxd2 14. Qxd2 f6 15. Ng4 f5 16. Ne5 Nxe5 17. fxe5 Be7 18. h4 Qd8 19. Qf2 Rc8 20. Rae1 Qe8 21.
Kh2 Qf7 22. Bf4 Kh8 23. Rh1 Rg8 24. Bg5 h5 25. Qf4 Kh7 26. g3 Rc7 27. Rhf1 Bxg5 28. Qxg5 Qe7 29. Qxe7+ Rxe7 30. Rf2 Rc8 31. Kg2 Kg7 32.
Kf1 a6 33. Rd1 b5 34. Ke1 b4 35. Rc2 c4 36. Be2 a5 37. Kd2 Bc6 38. Rcc1 Ba4 39. Rf1 Rb7 40. Rb1 Rcb8 41. Bd1 Bc6 42. Bc2 a4 43.
Rfc1 b3 44. axb3 cxb3 45. Bd3 Bb5 46. Ra1 Ra7 47. Ra3 Bc4 48. Be2 Kf7 49. Bd3 Ke7 50. Be2 Kd7 51. Rca1 Rba8 52. Bd3 Kc6 53. Be2 Kb5 54.
Bd3 Bxd3 55. Kxd3 Rg8 56. Rh1 g5 57. hxg5 Rxg5 58. Rh3 Rag7 59. Ra1 Rxg3 60. Rxh5 Rg2 61. Rh6 Rxb2 62. Rxe6 Rgg2 63. e4 fxe4+ 64. Ke3 Rbe2+ 65.
Kf4 Ref2+ 0-1

[Event "*** Titled Tuesday Blitz"]
[Site "Chess.com"]
[Date "2021.04.20"]
[Round "11"]
[White "KacperPolOK"]
[Black "SHIVACalypso"]
[Result "1-0"]
[WhiteElo "2378"]
[BlackElo "2441"]
[TimeControl "180+1"]
[EndTime "12:06:15 PDT"]
[Termination "KacperPolOK won by checkmate"]

1. e4 e6 2. d4 d5 3. Nd2 Nf6 4. e5 Nfd7 5. Bd3 c5 6. c3 Nc6 7. Ne2 cxd4 8. cxd4 f6 9. Nf4 Nxd4 10. Qh5+ Ke7 11.
Ng6+ hxg6 12. exf6+ Nxf6 13. Qxh8 Kf7 14. O-O e5 15. Nf3 Nxf3+ 16. gxf3 Bf5 17. Bxf5 gxf5 18.
Bg5 Qd6 19. Kh1 d4 20. Rg1 Qc6 21. Bxf6 Qxf3+ 22. Rg2 Kxf6 23. Rc1 d3 24. Qh4+ Kf7 25. Qc4+ Kf6 26. Qh4+ Ke6 27. Kg1 Be7 28. Rg6+ Bf6 29.
Qc4+ Qd5 30. Qb4 d2 31. Rd1 Rd8 32. Rg3 e4 33. Rb3 b6 34. a4 Qd4 35. Qb5 Qd5 36. Qb4 Be7 37. Qc3 Qd4 38. Kf1 Qxc3 39. bxc3 Bg5 40. Ke2 f4 41. Rb5 Kf6 42. a5 e3 43.
axb6 axb6 44. Rxb6+ Kf5 45. Rb5+ Ke4 46. f3# 1-0

[Event "*** Titled Tuesday Blitz"]
[Site "Chess.com"]
[Date "2021.04.20"]
[Round "11"]
[White "eduardoperalta"]
[Black "Nf3c5"]
[Result "0-1"]
[WhiteElo "2504"]
[BlackElo "2634"]
[TimeControl "180+1"]
[EndTime "12:06:16 PDT"]
[Termination "Nf3c5 won by checkmate"]

1. d4 Nf6 2. c4 g6 3. Nc3 d5 4. Nf3 Bg7 5. cxd5 Nxd5 6. e4 Nxc3 7. bxc3 O-O 8. Rb1 c5 9. Be2 b6 10. O-O Bb7 11. Qd3 cxd4 12. cxd4 Nc6 13. Rd1 e6 14. Bg5 Qd6 15. Qe3 Rfe8 16. h4 Rac8 17. h5 Nb4 18. Qa3 a5 19. h6 Bf8 20. e5 Qd5 21.
Qb3 Qxb3 22. Rxb3 Bd5 23. Rb2 Nxa2 24. Rxb6 Nc3 25. Re1 Nxe2+ 26. Rxe2 a4 27. Rb1 a3 28. Ra1 Rb8 29. Bf4 Rec8 30. Kh2 Ra8 31. Ng5 a2 32.
Ne4 Be7 33. Nf6+ Bxf6 34. exf6 Kf8 35. Rb2 Ke8 36. Bd6 Kd7 37. Bc5 Ra4 38. g4 e5 39. Rd2 Ke6 40. g5 Kf5 41. Bb6 exd4 42. Bxd4 Rcc4 43. Be3 Rh4+ 44. Kg3 Rag4# 0-1

[Event "*** Titled Tuesday Blitz"]
[Site "Chess.com"]
[Date "2021.04.20"]
[Round "11"]
[White "alejanchess73"]
[Black "Cuajada_Zero"]
[Result "1-0"]
[WhiteElo "2450"]
[BlackElo "2303"]
[TimeControl "180+1"]
[EndTime "12:06:16 PDT"]
[Termination "alejanchess73 won on time"]

1. e4 c6 2. Nc3 d5 3. Nf3 dxe4 4. Nxe4 Nf6 5. Nc3 Bf5 6. Bc4 e6 7. O-O Nbd7 8. h3 Bd6 9. d4 O-O 10. Bg5 Qc7 11. Re1 h6 12. Be3 b5 13. Bd3 Bxd3 14. Qxd3 a6 15. a3 Rad8 16. Qe2 c5 17. dxc5 Nxc5 18. Rad1 Be7 19. Rxd8 Rxd8 20. Rd1 Rxd1+ 21. Qxd1 Nce4 22. Nxe4 Nxe4 23. Qd3 Nf6 24. c3 Nd5 25. Bd4 Bd6 26. a4 Nf4 27. Qe4 Nd5 28. Qe2 Qa5 29.
axb5 axb5 30. g3 b4 31. c4 Ne7 32. Qd2 Nf5 33. Kg2 Qc7 34. g4 Ne7 35. b3 Ng6 36.
Be3 Qc6 37. c5 Nh4+ 38. Kf1 Qxf3 39. Qxd6 Qh1+ 40. Ke2 Qf3+ 41. Kd2 Ng2 42. Qd8+ Kh7 43. Qd3+ f5 44. gxf5 exf5 45. Kc1 Nh4 46. Qc2 Qh1+ 47. Kb2 Qc6 48. Bd4 Kg6 49. Qc4 Nf3 50. Be3 1-0

[Event "*** Titled Tuesday Blitz"]
[Site "Chess.com"]
[Date "2021.04.20"]
[Round "11"]
[White "GMSrinath"]
[Black "InvisibleWarrior2252"]
[Result "1-0"]
[WhiteElo "2830"]
[BlackElo "2558"]
[TimeControl "180+1"]
[EndTime "12:06:18 PDT"]
[Termination "GMSrinath won by checkmate"]

1. Nf3 Nf6 2. c4 e6 3. g3 d5 4.
Bg2 Be7 5. O-O O-O 6. d4 dxc4 7. Qc2 a6 8. a4 Nc6 9. Qxc4 Na5 10. Qc2 b6 11. Ne5 Bb7 12. Bxb7 Nxb7 13. Nc6 Qe8 14.
Rd1 Bc5 15. Ne5 Bd6 16. Nd2 c5 17. Ndc4 cxd4 18. Nxd6 Nxd6 19. Rxd4 Nf5 20. Rc4 b5 21. Rc5 Nd4 22. Qd3 Rd8 23. axb5 axb5 24. Bf4 Qe7 25.
b4 Nh5 26. Qe3 f6 27. Nc6 Nxc6 28. Rxh5 e5 29. Qb3+ Kh8 30. Qc2 g6 31. Bh6 Nd4 32. Bxf8 Rxf8 33. Qxg6 Nxe2+ 34. Kf1 Nd4 35. Qe4 f5 36.
Qd5 Rd8 37. Ra8 Rxa8 38. Qxa8+ Kg7 39. Qa6 Qd7 40. Qh6+ Kg8 41. Rg5+ Kh8 42. Qf8# 1-0

[Event "*** Titled Tuesday Blitz"]
[Site "Chess.com"]
[Date "2021.04.20"]
[Round "11"]
[White "FairChess_on_YouTube"]
[Black "Grandelicious"]
[Result "0-1"]
[WhiteElo "2994"]
[BlackElo "2835"]
[TimeControl "180+1"]
[EndTime "12:06:19 PDT"]
[Termination "Grandelicious won by resignation"]

1. Nf3 d5 2. e3 Nf6 3. b3 e6 4. Bb2 Bd6 5. c4 b6 6. Nc3 a6 7. g4 Bb7 8. g5 Ne4 9. cxd5 exd5 10. h4 Nd7 11. Bh3 O-O 12. Ne2 Re8 13. d3 Nec5 14.
Ned4 Ne5 15. Nxe5 Bxe5 16. Qe2 a5 17. O-O-O a4 18. b4 a3 19. Ba1 Na4 20. g6 hxg6 21. h5 g5 22. Qf3 Qf6 23. Qxf6 Bxf6 24. Kb1 Bxd4 25. Bxd4 c5 26. Ba1 cxb4 27. Bd7 Red8 28. Bxa4 Rxa4 29. h6 d4 30. Rh5 Bf3 31. Rxg5 Bxd1 32.
Rxg7+ Kf8 33. Bxd4 Rxd4 34. exd4 Bh5 35. Rh7 Bg6 36.
Rh8+ Ke7 37. h7 Kf6 38. Kc2 Ra5 39. Kb3 Rd5 40. Kxb4 Rxd4+ 41. Kb5 Rxd3 42. Kxb6 Rd2 43. Rd8 Rxd8 0-1

[Event "*** Titled Tuesday Blitz"]
[Site "Chess.com"]
[Date "2021.04.20"]
[Round "11"]
[White "politeplayer"]
[Black "Das_Virus_2020"]
[Result "1/2-1/2"]
[WhiteElo "2272"]
[BlackElo "2474"]
[TimeControl "180+1"]
[EndTime "12:06:19 PDT"]
[Termination "Game drawn by repetition"]

1. e4 e6 2. d4 d5 3. exd5 exd5 4. Nf3 Nf6 5. Bd3 Bd6 6. Qe2+ Be6 7. Ng5 Qe7 8. Nxe6 fxe6 9. Bg5 O-O 10. Nd2 e5 11. dxe5 Qxe5 12. Qxe5 Bxe5 13. O-O Nbd7 14. c3 Rae8 15. Rad1 Bd6 16. Nf3 Ng4 17. h3 Rxf3 18.
hxg4 Rf7 19. Rfe1 Ref8 20. f3 c6 21. c4 Bg3 22. Re2 Nb6 23. cxd5 Nxd5 24. Bc4 Rd7 25.
Re7 Rxe7 26. Bxe7 Re8 27. Bc5 b6 28. Bf2 Bxf2+ 29. Kxf2 Rd8 30. b4 b5 31. Bxd5+ cxd5 32. Ke3 Kf7 33. Kd4 Rc8 34. Re1 Rc4+ 35. Kxd5 Rxb4 36.
Rc1 Rb2 37. Rc7+ Kg6 38. f4 h6 39. f5+ Kf6 40. Rc6+ Kf7 41. Rc7+ Kf6 42. Rc6+ Kf7 43. Rc7+ Kf6 1/2-1/2

[Event "*** Titled Tuesday Blitz"]
[Site "Chess.com"]
[Date "2021.04.20"]
[Round "11"]
[White "Pantata007"]
[Black "Kostukov_Alex"]
[Result "1-0"]
[WhiteElo "2241"]
[BlackElo "2310"]
[TimeControl "180+1"]
[EndTime "12:06:19 PDT"]
[Termination "Pantata007 won by resignation"]

1. d4 g6 2. e4 Bg7 3. Nc3 d6 4. Be3 Nf6 5. Qd2 Nc6 6. f3 O-O 7. O-O-O e5 8. Nge2 exd4 9. Nxd4 Nxd4 10. Bxd4 Be6 11. h4 h5 12. Kb1 a5 13. Qf2 a4 14.
e5 dxe5 15. Bxe5 Qc8 16. a3 c6 17. Re1 b5 18. g4 b4 19. axb4 a3 20. b3 Bxg4 21.
Ka2 Bf5 22. Bc4 Re8 23. Rhg1 Rxe5 24. Rxe5 Nd5 25. Nxd5 cxd5 26. Rxd5 Qb8 27. Rxf5 Qxb4 28. Rxf7 Kh8 29. Rxg7 Kxg7 30. Qd4+ Kh6 31. Qf4+ Kg7 32.
Qe5+ Kf8 33. Qf6+ Ke8 34. Qxg6+ Kd8 35. Qg8+ Kc7 36. Qxa8 Qc3 37. Qa7+ Kd6 38. Qxa3+ Ke5 39. Qb2 Qxb2+ 40. Kxb2 Kf4 41. Rg5 Kxf3 42. Rxh5 Kg3 43. Rd5 Kxh4 44. b4 Kg4 45. b5 Kf4 46. b6 Ke4 47. b7 1-0

[Event "*** Titled Tuesday Blitz"]
[Site "Chess.com"]
[Date "2021.04.20"]
[Round "11"]
[White "SanchezKelvin"]
[Black "ViktoriyaTarasova"]
[Result "1-0"]
[WhiteElo "180"]
[BlackElo "2418"]
[TimeControl "180+1"]
[EndTime "12:06:21 PDT"]
[Termination "SanchezKelvin won by checkmate"]

1. e4 c5 2. Nf3 d6 3. d4 cxd4 4. Nxd4 Nf6 5. Nc3 a6 6. Bg5 e6 7. f4 Qb6 8. Nb3 Be7 9. Qf3 Nbd7 10. O-O-O Qc7 11. h4 b5 12. a3 Bb7 13. g4 h6 14.
Bxf6 Bxf6 15. Nd4 Qb6 16. Nde2 b4 17. axb4 Qxb4 18. g5 Be7 19. Rd4 Qb6 20. g6 f5 21.
Bg2 Rb8 22. b3 Nc5 23. Qe3 Bf6 24. e5 Bxg2 25. Rg1 dxe5 26. fxe5 Bxh4 27. Rxg2 Be7 28. Kd1 Rd8 29. Rxd8+ Qxd8+ 30. Qd4 Qc7 31. Kc1 O-O 32.
Kb2 Rd8 33. Qc4 Qc6 34. Rg1 Rb8 35. Rd1 Qb6 36. Nd4 a5 37. Nxf5 Bf8 38. Nd6 a4 39.
Nxa4 Nxa4+ 40. Qxa4 Bxd6 41. exd6 Qc5 42. Qd4 Qxd4+ 43.
Rxd4 Rd8 44. c4 e5 45. Rd5 e4 46. c5 e3 47. Kc2 e2 48. Kd2 Re8 49. Ke1 h5 50. c6 h4 51. d7 Ra8 52. d8=Q+ Rxd8 53. Rxd8# 1-0

[Event "*** Titled Tuesday Blitz"]
[Site "Chess.com"]
[Date "2021.04.20"]
[Round "11"]
[White "canary2016"]
[Black "CURRUTACO59"]
[Result "0-1"]
[WhiteElo "2003"]
[BlackElo "2170"]
[TimeControl "180+1"]
[EndTime "12:06:23 PDT"]
[Termination "CURRUTACO59 won by checkmate"]

1. d4 Nf6 2. c4 e6 3. g3 d5 4.
Bg2 dxc4 5. Nf3 Nbd7 6. O-O Be7 7. Qc2 a6 8. a4 Rb8 9. Qxc4 b5 10. axb5 axb5 11.
Qc2 Bb7 12. Bf4 Nd5 13. Bd2 O-O 14. e4 N5f6 15. Ne5 c5 16. Nxd7 Qxd7 17. Bf4 Rbc8 18. dxc5 Bxc5 19. Qe2 b4 20. Rd1 Qe7 21. Nd2 e5 22.
Bg5 h6 23. Bxf6 Qxf6 24. Nb3 Bb6 25. Rd2 Rfd8 26. Rad1 Rxd2 27. Rxd2 Ba6 28. Qd1 Bc4 29. Nc1 Bd4 30. b3 Be6 31. Ne2 Qxf2+ 32. Kh1 Be3 33.
Ra2 Bxb3 34. Nc1 Bxd1 35. Rxf2 Bxf2 36. Nd3 Be3 37. Bh3 Rc3 38. Nxe5 Rc1 39. Kg2 b3 40. Bd7 b2 41. Nd3 b1=Q 42. Nxc1 Qxc1 43. e5 Qd2+ 44. Kh1 Bf3# 0-1

[Event "*** Titled Tuesday Blitz"]
[Site "Chess.com"]
[Date "2021.04.20"]
[Round "11"]
[White "NateSolon"]
[Black "zubridis"]
[Result "0-1"]
[WhiteElo "2634"]
[BlackElo "2566"]
[TimeControl "180+1"]
[EndTime "12:06:25 PDT"]
[Termination "zubridis won on time"]

1. d4 d5 2. c4 e6 3. Nf3 c6 4. g3 Nf6 5. Bg2 Nbd7 6. O-O Be7 7. Nfd2 O-O 8. Nc3 b6 9. e4 Ba6 10. Re1 dxc4 11. Qa4 Qc8 12. e5 Nd5 13. Nde4 b5 14. Qd1 Re8 15. Qh5 Bb7 16. Ng5 Bxg5 17. Bxg5 Nxc3 18. bxc3 c5 19. Re4 Nf8 20. Bf6 Bxe4 21.
Bxe4 Ng6 22. Bg5 cxd4 23. cxd4 c3 24. h4 Qc4 25. Qf3 Rac8 26. h5 Qxd4 27. hxg6 fxg6 28. Bf4 c2 29. Rc1 Rf8 30. Rxc2 Rxc2 31. Bxc2 Qa1+ 32.
Kg2 Qxa2 33. Bb3 Qb2 34. Bxe6+ Kh8 35. Qe4 a5 36. Bd5 a4 37. e6 Qf6 38. Be3 a3 39.
Bd4 Qe7 40. Qc2 Rd8 41. Qb3 Qd6 42. Bxg7+ Kxg7 43. Qc3+ Kh6 44. Qe3+ g5 45. Be4 Qxe6 46. Qe1 Re8 47. Qh1+ Kg7 48. Qxh7+ Kf6 49. Qh6+ Ke5 0-1

[Event "*** Titled Tuesday Blitz"]
[Site "Chess.com"]
[Date "2021.04.20"]
[Round "11"]
[White "Murad_Ibrahimli"]
[Black "Beca95"]
[Result "0-1"]
[WhiteElo "2757"]
[BlackElo "2864"]
[TimeControl "180+1"]
[EndTime "12:06:26 PDT"]
[Termination "Beca95 won by resignation"]

1. d4 Nf6 2. Nf3 e6 3. Bg5 h6 4. Bh4 d6 5. Nbd2 g5 6. Bg3 Nh5 7. e3 Bg7 8. c3 Nd7 9. Bd3 Qe7 10. Qe2 a6 11. O-O-O b5 12. Ne1 Nxg3 13. hxg3 c5 14. f4 Bb7 15. Be4 d5 16. Bf3 Rc8 17. Kb1 c4 18. e4 Nf6 19. e5 Nd7 20. Nc2 a5 21. f5 exf5 22. Ne3 Qe6 23. Rdf1 g4 24.
Nxg4 fxg4 25. Bxg4 Qe7 26. Nf3 h5 27. Bh3 Kd8 28.
Nh4 Bf8 29. Nf5 Qg5 30. Ka1 Bc6 31. e6 fxe6 32. Qxe6 Kc7 33. Re1 Qf6 34. Qe3 Bd6 35. Rhf1 Rce8 36. Qxe8 Rxe8 37. Rxe8 b4 38. Ree1 bxc3 39.
bxc3 Ba3 40. Ne3 Qg5 41. Rf3 Nf6 42. Bf5 Bd6 43. Ref1 Ne4 44. Bxe4 dxe4 45. Rf7+ Bd7 46. Nxc4 Qxg3 47. Kb2 Qd3 48. Nxd6 Kxd6 49. R1f6+ Be6 50. d5 Qxd5 0-1

[Event "*** Titled Tuesday Blitz"]
[Site "Chess.com"]
[Date "2021.04.20"]
[Round "11"]
[White "AthanasiusLefebvre"]
[Black "stepakyedael"]
[Result "1-0"]
[WhiteElo "2067"]
[BlackElo "2220"]
[TimeControl "180+1"]
[EndTime "12:06:26 PDT"]
[Termination "AthanasiusLefebvre won on time"]

1. Nf3 Nf6 2. d3 g6 3. g3 Bg7 4. Bg2 O-O 5. O-O Nc6 6. c4 d5 7.
Nc3 dxc4 8. dxc4 a6 9. Bf4 Qxd1 10.
Rfxd1 Ne8 11. Rac1 e5 12. Be3 Nf6 13. Nd5 Ne8 14. Bc5 Be6 15. Bxf8 Bxf8 16. Ng5 Bf5 17. Ne4 Kg7 18. a3 Nd4 19. Kf1 c6 20. Ndc3 Be6 21.
Na4 b5 22. cxb5 Bb3 23. Rxd4 exd4 24. Nb6 Rb8 25. bxc6 Rxb6 26. c7 Nxc7 27. Rxc7 Bd5 28. b4 a5 29. Ng5 Bxg2+ 30. Kxg2 axb4 31. axb4 Rxb4 32. Rxf7+ Kg8 33. Rf3 Be7 34. Ne6 Rb2 35.
Nxd4 Bc5 36. e3 Rd2 37. Ne6 Bb6 38. h4 h5 39. Ng5 Re2 40. Ne4 Kg7 41. Nc3 Rc2 42. e4 Bd4 43. Nd5 Rd2 44. Nf4 Kh6 45.
Ne6 Be5 46. Ng5 Bd4 47. Rf7 Rxf2+ 48. Rxf2 Bxf2 49. Kxf2 Kg7 50. Ke3 Kf6 51. Kd4 Ke7 52. Ke5 1-0

[Event "*** Titled Tuesday Blitz"]
[Site "Chess.com"]
[Date "2021.04.20"]
[Round "11"]
[White "lamomiablanca"]
[Black "Grandmaster2B"]
[Result "0-1"]
[WhiteElo "2395"]
[BlackElo "2527"]
[TimeControl "180+1"]
[EndTime "12:06:27 PDT"]
[Termination "Grandmaster2B won by resignation"]

1. e4 c5 2. d3 Nc6 3. g3 Nf6 4. Bg2 d5 5. Nd2 g6 6. Ngf3 Bg7 7. O-O O-O 8. Re1 b6 9. c3 Ba6 10. Qa4 Qc8 11. Bf1 dxe4 12. dxe4 Bxf1 13. Nxf1 Rd8 14. Bf4 a6 15. Rad1 b5 16. Qc2 Nh5 17. Bc1 Qg4 18. Qe2 Ne5 19. Kg2 Nc6 20. h3 Qe6 21. a3 Na5 22. Ng5 Qc6 23. g4 Nf6 24.
Ng3 Nc4 25. f4 Qc7 26. Nf3 e6 27. e5 Nd5 28. Ne4 Qc6 29. b3 Na5 30. Qc2 Ne7 31.
Kg3 Rd5 32. Nd6 Nb7 33. Nxb7 Qxb7 34. c4 Rd7 35. Rxd7 Qxd7 36. Rd1 Qc7 37. Qe4 Rc8 38. Be3 h5 39. Rd6 bxc4 40. bxc4 a5 41. Rd1 Rb8 42. gxh5 Nf5+ 43. Kf2 gxh5 44. Rg1 Rb2+ 45. Nd2 Qd7 46. Ke2 Kf8 47. Qf3 Rxd2+ 48. Bxd2 Nd4+ 0-1

[Event "*** Titled Tuesday Blitz"]
[Site "Chess.com"]
[Date "2021.04.20"]
[Round "11"]
[White "AwareIdea"]
[Black "Skat2704"]
[Result "0-1"]
[WhiteElo "2496"]
[BlackElo "2681"]
[TimeControl "180+1"]
[EndTime "12:06:29 PDT"]
[Termination "Skat2704 won on time"]

1. d4 d5 2. c4 e6 3. g3 Nf6 4.
Bg2 dxc4 5. Nf3 Nc6 6. O-O Rb8 7. a4 b6 8. Qc2 Ba6 9. Rd1 Be7 10. Nc3 O-O 11.
Bg5 Nd5 12. h4 Ncb4 13. Qb1 f6 14. Bc1 Qd7 15. e4 Nxc3 16. bxc3 Nd3 17. Be3 c5 18. d5 e5 19. Nd2 f5 20. exf5 Qxf5 21. Be4 Qg4 22. Bg2 Rf7 23. Ne4 Rbf8 24. a5 b5 25. Rxd3 cxd3 26. Qxd3 c4 27. Qd2 Bc8 28. Bxa7 Bf5 29.
Nc5 Bxh4 30. Bb6 Bg5 31. Qd1 Qxd1+ 32. Rxd1 b4 33. cxb4 c3 34. Nb3 Bc2 35. Rc1 Bxb3 36. Rxc3 Ba4 37. d6 Bd2 38. Rc4 Bb3 39. Rc6 Bxb4 40.
a6 Be1 41. d7 Rxd7 42. a7 Rd1 43. Kh2 Bd5 44. Bxd5+ Rxd5 0-1

[Event "*** Titled Tuesday Blitz"]
[Site "Chess.com"]
[Date "2021.04.20"]
[Round "11"]
[White "prachiti01"]
[Black "Blitzking642"]
[Result "1-0"]
[WhiteElo "2274"]
[BlackElo "2456"]
[TimeControl "180+1"]
[EndTime "12:06:29 PDT"]
[Termination "prachiti01 won by resignation"]

1. e4 c5 2. c3 Nf6 3. e5 Nd5 4. Nf3 Nc6 5. Bc4 Nb6 6. Bb3 c4 7. Bc2 d6 8. exd6 Qxd6 9. O-O Bg4 10. b3 Qf6 11. Qe2 Bxf3 12. Qxf3 Qxf3 13. gxf3 Ne5 14. Kg2 O-O-O 15. Re1 Nd3 16. Bxd3 Rxd3 17. Na3 e6 18.
Nxc4 Nxc4 19. bxc4 Bc5 20. Rb1 Kc7 21. Re2 b6 22.
Rb3 Rhd8 23. a4 a5 24. Rb5 Kc6 25. Re4 R8d6 26. h3 f6 27. f4 Kd7 28. Rb3 Ke7 29.
f5 Kf7 30. fxe6+ Rxe6 31. f3 f5 32. Rxe6 Kxe6 33. Rb5 g6 34. f4 Kf6 35. Kf1 h6 36. Ke2 Rxh3 37. d4 Rh2+ 38. Kd3 Rh3+ 39. Be3 Bd6 40.
Rxb6 Ke7 41. Rb7+ Ke6 42. d5+ Kf6 43. Ke2 Rh2+ 44. Kf1 g5 45. Bd4+ Kg6 46. Rb6 Kh5 47. Rxd6 Kg4 48. fxg5 hxg5 49. Rf6 f4 50. Kg1 Rc2 51.
d6 Kg3 52. Kf1 Kf3 53. Ke1 g4 54. d7 Re2+ 55. Kd1 1-0

[Event "*** Titled Tuesday Blitz"]
[Site "Chess.com"]
[Date "2021.04.20"]
[Round "11"]
[White "Valeron87"]
[Black "northridgehawk"]
[Result "1-0"]
[WhiteElo "2378"]
[BlackElo "2313"]
[TimeControl "180+1"]
[EndTime "12:06:29 PDT"]
[Termination "Valeron87 won by resignation"]

1. e4 c5 2. Nf3 d6 3. d4 cxd4 4. Qxd4 Nf6 5. Nc3 Nc6 6. Bb5 Bd7 7. Bxc6 Bxc6 8. Bg5 Qa5 9. O-O-O Rc8 10. Kb1 Nd7 11. Qe3 g6 12. Nd4 Bg7 13. f4 O-O 14. Bxe7 Rfe8 15. Bxd6 Qb6 16. Rhe1 Nc5 17. Nxc6 Rxc6 18. e5 Rec8 19. Nd5 Rxd6 20. Nxb6 Rxb6 21. b3 a5 22. Rd5 Na4 23. Kc1 Nc3 24. Qxb6 Nxd5 25. Qxa5 Nxf4 26. Kb1 Ne6 27. Rd1 h5 28. Rd6 Rc7 29. Qd5 Rc6 30.
Rxc6 bxc6 31. Qxc6 Bxe5 32. a4 Bxh2 33. a5 Bg1 34. a6 h4 35. a7 g5 36. a8=Q+ Kg7 37.
Qae8 g4 38. Qcd7 Ng5 39. Qee7 Kg6 40. Qxg4 f6 41. Qxh4 Kf5 42. g4+ Kf4 43. Qee1 Be3 44. Qhg3+ Ke4 45. Qexe3+ Kd5 46. c4+ Kc6 47. Qgf4 Kb7 48.
Qxf6 Ne4 49. Qxe4+ 1-0

[Event "*** Titled Tuesday Blitz"]
[Site "Chess.com"]
[Date "2021.04.20"]
[Round "11"]
[White "Zhigalko_Sergei"]
[Black "ChristopherYoo"]
[Result "0-1"]
[WhiteElo "2935"]
[BlackElo "2915"]
[TimeControl "180+1"]
[EndTime "12:06:30 PDT"]
[Termination "ChristopherYoo won by checkmate"]

1. e4 c5 2. Nf3 e6 3. c3 d5 4.
e5 d4 5. Bd3 Bd7 6. O-O Bc6 7.
Re1 g5 8. b4 g4 9. b5 Bd7 10.
cxd4 gxf3 11. Qxf3 Bc8 12. Nc3 cxd4 13. Ne4 Nd7 14. Qf4 Nh6 15. Bb2 Rg8 16. Bxd4 Nf5 17. Bb2 Qh4 18. Qf3 Qg4 19. Qxg4 Rxg4 20. Rac1 b6 21.
h3 Rg8 22. Rc7 Kd8 23. Rec1 Rb8 24. a4 Bc5 25. Rxa7 Bb7 26. Kf1 Bd4 27. Bxd4 Nxd4 28. f4 Nb3 29. Rc2 Ndc5 30. Nxc5 Nxc5 31. Bxh7 Rg7 32. d4 Nb3 33. Bd3 Nxd4 34. Rc4 Nb3 35. g4 Nd2+ 36. Kf2 Nxc4 37. Bxc4 Rc8 38. Bd3 Rc3 39. Be2 Kc7 40. a5 bxa5 41. Rxa5 Kb6 42. Ra2 Rxh3 43. g5 Rgh7 44. Rd2 Rh2+ 45. Ke3 R7h3+ 46. Kd4 Bf3 47. Bxf3 Rxd2+ 48. Ke3 Rb2 49. g6 Rb3+ 50. Kd4 Rhxf3 51. g7 Rxf4# 0-1

[Event "*** Titled Tuesday Blitz"]
[Site "Chess.com"]
[Date "2021.04.20"]
[Round "11"]
[White "Nozdrachev_Leonid"]
[Black "InitiatingASC"]
[Result "1-0"]
[WhiteElo "2561"]
[BlackElo "2428"]
[TimeControl "180+1"]
[EndTime "12:06:30 PDT"]
[Termination "Nozdrachev_Leonid won by checkmate"]

1. e4 c5 2. c3 Nf6 3. e5 Nd5 4. d4 cxd4 5. cxd4 Nc6 6. Nf3 d6 7.
Bc4 Nb6 8. Bb5 d5 9. Nh4 e6 10.
Nf3 Bd7 11. Be2 Bb4+ 12. Bd2 Qe7 13. O-O Bxd2 14. Qxd2 h6 15. Nc3 a6 16. a3 g5 17.
h3 O-O-O 18. b4 Na7 19. a4 Kb8 20. b5 a5 21. Na2 h5 22. Qxg5 Qa3 23. Rfb1 Rdg8 24.
Qf4 Rg7 25. Ng5 h4 26. Bg4 Nc4 27. Qf6 Qf8 28. Nc3 Nc8 29. Qf4 N8b6 30. Nf3 Qe7 31.
Nd1 Rhg8 32. Qf6 Qf8 33. Ne3 Nxe3 34. fxe3 Nc4 35. Qf4 Qe7 36. Rc1 Be8 37. e4 Qd8 38.
exd5 Qxd5 39. Ra2 Ne3 40. Qxe3 Qxa2 41. Qc3 Qxa4 42. Qc7+ Ka7 43. b6+ Ka6 44. Qb8 Kxb6 45. Rb1+ Bb5 46. Qd6+ Ka7 47. Qc5+ Ka6 48. Qd6+ Bc6 49.
Qc5 Rxg4 50. Qb6# 1-0